 Dungeon Sprint DCSS version 0.31-a0-960-g0fca184906 (webtiles) character file.

Game seed: 10253875515906262650

8532 sircluck the Brawler (level 11, -6/127 HPs)
             Began as a Troll Berserker on Oct 23, 2023.
             Was a High Priest of Trog.
             Mangled by a ghost moth (11 damage)
             ... in the Dungeon (Sprint VII: "The Pits").
             The game lasted 00:03:40 (883 turns).

sircluck the Brawler (Troll Berserker)               Turns: 883, Time: 00:03:40

Health: -6/127     AC:  4    Str: 33 (34) XL:     11   Next: 11%
Magic:  1/10       EV: 13    Int:  3      God:    Trog [*****.]
Gold:   0          SH:  0    Dex:  8 (9)  Spells: 10/10 levels left

rFire   . .          .
                       - Unarmed
rCold   . . .        (no shield)
rNeg    . . .        a - +0 animal skin
rPois   .            (helmet restricted)
rElec   .            (no cloak)
rCorr   .            (gloves unavailable)
SInv    .            (boots unavailable)
Will    .....        (no amulet)
Stlth   +            l - +3 ring of strength
HPRegen 1.21/turn    (no ring)
MPRegen 0.12/turn

%: no teleportation
@: no status effects
A: large, unfitting armour, claws 3, regeneration 1, shaggy fur 1, tough skin 1,
horns 1
a: Renounce Religion, Berserk, Trog's Hand, Brothers in Arms


You were in the Dungeon.
You worshipped Trog.
Trog was extremely pleased with you.
You visited 1 branch

Inventory:

Armour
 a - a +0 animal skin (worn)
Jewellery
 k - a +3 ring of intelligence
 l - a +3 ring of strength (left claw)
Scrolls
 i - 2 scrolls of vulnerability
 j - a scroll of butterflies
Potions
 b - 7 potions of curing
 c - 5 potions of heal wounds
 d - 2 potions of haste
 e - 4 potions of magic
 f - 3 potions of berserk rage
 h - 2 potions of invisibility
 m - a potion of resistance


   Skills:
 + Level 13.1 Fighting
 + Level 7.1 Armour
 + Level 13.0 Dodging
 + Level 15.3 Unarmed Combat


You had 10 spell levels left.
You didn't know any spells.
Your spell library was empty.

Dungeon Overview and Level Annotations

Branches:
Dungeon (1/1)

Altars:
Ashenzari
Cheibriados
Dithmenos
Elyvilon
Fedhas
Gozag
Hepliaklqana
Kikubaaqudgha
Makhleb
Nemelex Xobeh
Okawaru
Qazlal
Ru
Sif Muna
Trog
Uskayaw
Vehumet
Wu Jian
Xom
Yredelemnul
Zin
The Shining One
Jiyva
Lugonu


Innate Abilities, Weirdness & Mutations

You are too large for most types of armour.
You have claws for hands.
Your natural rate of healing is unusually fast.
You are covered in fur. (AC +1)
You have tough skin. (AC +1)
You have a pair of small horns on your head.


Message History

The kobold brigand hits your troll with a +0 club.
The kobold brigand hits something with a +0 short sword.
The kobold brigand barely misses the kobold brigand.
Your troll bites the kobold brigand!
Your troll claws the kobold brigand.
Your troll closely misses the kobold brigand.
You feel you are being watched by something.
Something hits you. Something hits you!
* * * LOW HITPOINT WARNING * * *
Something stings you!
* * * LOW HITPOINT WARNING * * *
You feel weakened.
The kobold brigand hits the kobold brigand with a +0 dagger.
Your troll bites the kobold brigand.
Your troll claws the kobold brigand!
The kobold brigand dies!
Trog accepts your kill.
You feel you are being watched by something.
The orc warrior hits your troll with a +0 halberd!
The swamp drake bites your troll.
The kobold brigand hits itself with a +0 dagger.
Something hits the orc warrior but does no damage.
Your troll bites the kobold brigand!!
Your troll claws the kobold brigand.
Your troll claws the kobold brigand but does no damage.
You feel you are being watched by something.
Something barely misses your troll.
Your troll bites the kobold brigand but does no damage.
Your troll barely misses the kobold brigand.
Your troll claws the kobold brigand but does no damage.
The swamp drake bites your troll!
Your troll goes berserk!
Something hits you but does no damage. Something barely misses you.
Something stings you!
* * * LOW HITPOINT WARNING * * *
You feel clumsy.
Your troll rages.
Something completely misses your troll. The swamp drake breathes poison at you.
The noxious blast engulfs your troll but does no damage.
Your troll is poisoned.
Something barely misses you. Something hits you!
You die...

#...#..##......##
...##..#........## ###....
..##...+.........# #.......
.##....###.......##........
.#.......###......#........
.+.........##...○.#oK).....
.#....####†.##...○#○k......
.##..##..##).))..○T#†......
..##.)....'.)#T.@○○○##'
#..#)##..##..#....K.).#
)..)))####...##...#####
#..##)........##.##
##################


You could see a swamp drake (ally target), 2 kobold brigands and 2 friendly
trolls.

Vanquished Creatures
  An anaconda (D)
  An orc high priest (D)
  A deep elf pyromancer (D)
  A manticore (D)
  A merfolk siren (D)
  A black mamba (D)
  A gargoyle (D)
  2 kobold demonologists (D)
  A rime drake (D)
  A glass eye (D)
  A jumping spider (D)
  A snapping turtle (D)
  A small abomination (D)
  A wyvern (D)
  A steam dragon (D)
  3 redbacks (D)
  A warg (D)
  A black bear (D)
  An orc warrior (D)
  An ice beast (D)
  2 ogres (D)
  A centaur (D)
  2 wolves (D)
  A gnoll sergeant (D)
  2 bullfrogs (D)
  2 scorpions (D)
  2 crimson imps (D)
  An orc wizard (D)
  A mummy (D)
  5 gnolls (D)
  2 adders (D)
  A river rat (D)
  An ufetubus (D)
  A worm (D)
  3 orcs (D)
  A ball python (D)
  2 goblins (D)
  2 hobgoblins (D)
  A kobold (D)
  A quokka zombie (D)
  A rat (D)
58 creatures vanquished.

Vanquished Creatures (collateral kills)
  A boulder beetle (D)
  A phantasmal warrior (D)
  An elephant (D)
  A kobold demonologist (D)
  A polar bear (D)
  A redback (D)
  2 vampire mosquitoes (D)
  A water moccasin (D)
  3 kobold brigands (D)
  An iguana (D)
  A gnoll (D)
  An orc (D)
  4 kobolds (D)
19 creatures vanquished.

Vanquished Creatures (others)
  An orc (D)
1 creature vanquished.

Grand Total: 78 creatures vanquished

Notes
Turn   | Place    | Note
-------+----------+-------------------------------------------
     0 | D        | sircluck the Troll Berserker began the quest for the Orb.
     0 | D        | Reached XP level 1. HP: 22/22 MP: 0/0
    32 | D        | Found a bloodstained altar of Trog.
    32 | D        | Found a shimmering blue altar of Sif Muna.
    32 | D        | Found a viscous altar of Jiyva.
    32 | D        | Found a hazy altar of Hepliaklqana.
    32 | D        | Found an opulent altar of Gozag.
    33 | D        | Found a glowing golden altar of the Shining One.
    33 | D        | Found a glowing silver altar of Zin.
    33 | D        | Found a basalt altar of Yredelemnul.
    33 | D        | Found a shimmering altar of Xom.
    33 | D        | Found an ornate altar of the Wu Jian Council.
    33 | D        | Found a sacrificial altar of Ru.
    33 | D        | Found a stormy altar of Qazlal.
    33 | D        | Found an iron altar of Okawaru.
    33 | D        | Found a sparkling altar of Nemelex Xobeh.
    33 | D        | Found a burning altar of Makhleb.
    33 | D        | Found a blossoming altar of Fedhas.
    33 | D        | Found a white marble altar of Elyvilon.
    33 | D        | Found a shadowy altar of Dithmenos.
    33 | D        | Found a snail-covered altar of Cheibriados.
    36 | D        | Found a corrupted altar of Lugonu.
    36 | D        | Found a radiant altar of Vehumet.
    37 | D        | Found an ancient bone altar of Kikubaaqudgha.
    37 | D        | Found a hide-covered altar of Uskayaw.
    37 | D        | Found a broken altar of Ashenzari.
    77 | D        | Reached XP level 2. HP: 31/31 MP: 1/1
    78 | D        | Reached ** piety under Trog
    79 | D        | Reached skill level 4 in Unarmed Combat
    86 | D        | Noticed a glass eye
    94 | D        | Killed a glass eye
    95 | D        | Reached skill level 7 in Unarmed Combat
    95 | D        | Reached XP level 3. HP: 44/44 MP: 2/2
    95 | D        | Reached XP level 4. HP: 52/52 MP: 3/3
    95 | D        | Reached XP level 5. HP: 59/59 MP: 4/4
   133 | D        | Reached *** piety under Trog
   134 | D        | Reached skill level 8 in Unarmed Combat
   134 | D        | Reached XP level 6. HP: 56/68 MP: 5/5
   214 | D        | Reached **** piety under Trog
   229 | D        | Reached skill level 9 in Unarmed Combat
   237 | D        | Reached XP level 7. HP: 25/79 MP: 6/6
   313 | D        | Reached ***** piety under Trog
   315 | D        | Noticed a merfolk siren
   318 | D        | Killed a merfolk siren
   318 | D        | Received a gift from Trog
   319 | D        | Reached skill level 10 in Unarmed Combat
   353 | D        | Reached XP level 8. HP: 88/92 MP: 7/7
   360 | D        | Reached skill level 11 in Unarmed Combat
   388 | D        | Noticed a gargoyle
   388 | D        | Noticed a deep elf pyromancer
   394 | D        | Killed a gargoyle
   399 | D        | Killed a deep elf pyromancer
   400 | D        | Reached skill level 10 in Fighting
   400 | D        | Reached skill level 10 in Dodging
   400 | D        | Reached skill level 12 in Unarmed Combat
   431 | D        | Gained mutation: You have a pair of small horns on your
                  | head. [potion of mutation]
   497 | D        | Reached XP level 9. HP: 87/102 MP: 8/8
   497 | D        | Noticed a manticore
   512 | D        | Killed a manticore
   562 | D        | Noticed a rime drake
   571 | D        | Killed a rime drake
   578 | D        | Reached ****** piety under Trog
   578 | D        | Received a gift from Trog
   579 | D        | Reached skill level 13 in Unarmed Combat
   620 | D        | Noticed an orc high priest
   622 | D        | Noticed a smoke demon
   627 | D        | Reached skill level 1 in Armour
   630 | D        | Noticed an ice devil
   639 | D        | Identified the +7 quarterstaff of Noon {flame, rN+ Str+2
                  | Int-4} (Trog gifted it to you in the Dungeon)
   639 | D        | Received a gift from Trog
   647 | D        | Killed an orc high priest
   651 | D        | Reached XP level 10. HP: 113/115 MP: 9/9
   702 | D        | Received a gift from Trog
   752 | D        | Noticed a black mamba
   754 | D        | Received a gift from Trog
   758 | D        | Killed a black mamba
   759 | D        | Reached skill level 14 in Unarmed Combat
   806 | D        | Noticed a boulder beetle
   806 | D        | Noticed an anaconda
   807 | D        | Noticed a sixfirhy
   819 | D        | Killed a boulder beetle
   820 | D        | Reached skill level 5 in Armour
   833 | D        | Killed an anaconda
   833 | D        | Identified the +1 quarterstaff "Ogreslayer" {antimagic,
                  | *Rage *Noise rF+ Str+5 SInv} (Trog gifted it to you in the
                  | Dungeon)
   833 | D        | Received a gift from Trog
   865 | D        | Noticed an elephant
   866 | D        | Noticed a phantasmal warrior
   871 | D        | Killed a phantasmal warrior
   872 | D        | Reached skill level 15 in Unarmed Combat
   874 | D        | Received a gift from Trog
   875 | D        | Reached XP level 11. HP: 27/127 MP: 0/10
   883 | D        | HP: 5/127 [something (16)]
   883 | D        | Mangled by a ghost moth

Illustrated notes

Levels and vault maps discovered:
D:        pitsprint [storerooms_1, entrance_room_1, metal_vault_7, armoury_2,
          mini_pit_1, grid_room_1, main_hall_1, silver_pit, the_coven_1,
          the_vestibule_1, steel_vault_2, golden_pit, hallway_of_sentries,
          crystal_vault_4, iron_vault_2, final_vault]

Skill      XL: |  1  2  3  4  5  6  7  8  9 10 11 |
---------------+----------------------------------+-----
Fighting       | 3 6 7 9 10 11 13 | 13.1
Dodging        | 3 6 7 8 10 11 12 13 | 13.0
Unarmed Combat | 7 8 9 10 12 13 15 | 15.3
Armour         | 3 6 7 |  7.1

Action                     |  1- 3 |  4- 6 |  7- 9 | 10-12 || total
---------------------------+-------+-------+-------+-------++-------
  Melee: Unarmed           |    14 |    22 |    74 |    43 ||   153
         Headbutt          |       |       |     7 |     8 ||    15
         Punch             |       |       |     2 |     1 ||     3
 Invoke: Berserk           |       |       |     3 |       ||     3
         Brothers in Arms  |       |       |       |     5 ||     5
    Use: Potion            |       |       |     5 |     1 ||     6
         Scroll            |       |       |     1 |       ||     1
   Stab: Sleeping          |     1 |       |       |       ||     1
 Armour: Animal skin       |     2 |    24 |    48 |    42 ||   116
  Dodge: Dodged            |     2 |     8 |    39 |    40 ||    89

Table legend: (Time is in decaauts)
 A = Elapsed time spent in this place.
 B = Non-inter-level travel time spent in this place.
 C = Inter-level travel time spent in this place.
 D = Time resting spent in this place.
 E = Time spent auto-exploring this place.
 F = Levels seen in this place.
 G = Mean time per level.
                   A        B        C        D        E       F      G
               +--------+--------+--------+--------+--------+-----+--------+
         Total |    879 |    879 |      0 |    270 |    189 |   1 |  879.0 |
       Dungeon |    879 |    879 |      0 |    270 |    189 |   1 |  879.0 |
               +--------+--------+--------+--------+--------+-----+--------+

Top non-repeatable levels by time:
       D: 879 daAuts
